 Dungeon Crawl Stone Soup version 0.31-a0-221-gbddc013574 (webtiles) character file.

Game seed: 14037629388150075174

112 qw the Shooter (level 4, -12/36 HPs)
             Began as a Minotaur Hexslinger on July 3, 2023.
             Mangled by a sleepcap (14 damage)
             ... on level 3 of the Dungeon.
             The game lasted 00:00:44 (1877 turns).

qw the Shooter (Minotaur Hexslinger)                Turns: 1877, Time: 00:00:45

Health: -12/36     AC:  2    Str: 12    XL:     4   Next: 63%
Magic:  0/4        EV:  2    Int: 10    God:
Gold:   158        SH:  0    Dex: 15    Spells: 4/5 levels left

rFire   + . .        Y - +1 sling
rCold   . . .        (no shield)
rNeg    . . .        e - +0 robe {rF+}
rPois   .            (helmet restricted)
rElec   .            (no cloak)
rCorr   .            (no gloves)
SInv    .            (no boots)
Will    .....        j - amulet of guardian spirit
Stlth   +            (no ring)
HPRegen 0.26/turn    (no ring)
MPRegen 0.09/turn

%: guardian spirit
@: sleeping
A: horns 2, retaliatory headbutt
a: no special abilities


You were on level 3 of the Dungeon.
You visited 1 branch of the dungeon, and saw 3 of its levels.

You collected 158 gold pieces.


Innate Abilities, Weirdness & Mutations

You have a pair of horns on your head.
You reflexively headbutt those who attack you in melee.


   Skills:
 + Level 2.2 Fighting
 - Level 5.1 Ranged Weapons
 - Level 2.1 Dodging
 - Level 1.0 Spellcasting
 - Level 2.0 Hexes


You had 4 spell levels left.
You knew the following spells:

 Your Spells              Type           Power      Damage    Failure   Level
a - Slow                  Hex            16%        N/A       16%         1

Your spell library contained the following spells:

 Spells                   Type           Power      Damage    Failure   Level
 Inner Flame              Hex/Fire       2%         N/A       56%         3
 Portal Projectile        Hex/Tloc       4%         N/A       56%         3
 Cause Fear               Hex            2%         N/A       83%         4

Inventory:

Hand Weapons
 Y - a +1 sling (weapon)
Armour
 e - a +0 robe of fire resistance (worn)
 g - a +0 ring mail
Jewellery
 j - an amulet of guardian spirit (around neck)
Scrolls
 a - a scroll of identify
Potions
 c - 2 potions of heal wounds {unknown}
 d - 5 potions of curing
 f - a potion of attraction {unknown}

Dungeon Overview and Level Annotations

Branches:
Dungeon (3/15)

Altars:


Message History

The sleepcap releases spores at you!
You are engulfed in a cloud of soporific spores!
You are unaffected.
You shoot a sling bullet. The sling bullet hits the sleepcap.
The sleepcap is lightly damaged.
The sleepcap releases spores at you.
An orc comes into view. It is wielding a +0 club.
You shoot a sling bullet. The orc shouts!
The sling bullet hits the sleepcap but does no damage.
The sleepcap is lightly damaged.
You hear a shout!
The sleepcap releases spores at you.
You are engulfed in a cloud of soporific spores!
You fall asleep.
The sleepcap releases spores at you!
You wake up.
You are engulfed in a cloud of soporific spores!
You are unaffected.
You shoot a sling bullet. The sling bullet hits the sleepcap.
The sleepcap is moderately damaged.
The sleepcap releases spores at you. x2
You are engulfed in a cloud of soporific spores!
You are unaffected.
You shoot a sling bullet. The sling bullet hits the sleepcap.
The sleepcap is heavily damaged.
The sleepcap misses you.
You shoot a sling bullet.
The sling bullet completely misses the sleepcap.
The sleepcap releases spores at you.
You shoot a sling bullet.
The sling bullet hits the sleepcap but does no damage.
The sleepcap is heavily damaged.
The sleepcap releases spores at you.
You are engulfed in a cloud of soporific spores!
You fall asleep.
A ball python comes into view.
The sleepcap barely misses you.
An orc comes into view. It is wielding a +0 hand axe.
The sleepcap releases spores at you!
You die...

# ..# #.#.... ##
.## ..# #...... #
.# . .. #.#
#...... oS .# #.#.
#.# #...... .. .#
..###.# #...... #.
.# #....# #......
#.#. #.#..#
#..%...
#.of###....#
#.....< #@..###.#
#.#....
#.#.###.####.#####
##...##..##...#
........##..###
#####......##
########


You could see a sleepcap, 2 orcs and a ball python (wandering).

Vanquished Creatures
  An orc priest (D:3)
  Terence (D:2)
  A worm (D:2)
  A dart slug (D:1)
  3 orcs (D:3)
  2 endoplasms (D:1)
  2 giant cockroaches
  4 goblins
  8 hobgoblins
  2 quokkas
  2 ball pythons (D:2)
  5 bats
  3 frilled lizards (D:1)
  8 kobolds
  7 rats
50 creatures vanquished.

Notes
Turn   | Place    | Note
-------+----------+-------------------------------------------
     0 | D:1      | qw the Minotaur Hexslinger began the quest for the Orb.
     0 | D:1      | Reached XP level 1. HP: 16/16 MP: 1/1
     0 | D:1      | 0 ||| qw: Version: 0.3-a-40-ge99b1a8
     0 | D:1      | 0 ||| qw: Game counter: 611
     0 | D:1      | 0 ||| qw: Melee chars always use a shield: true
     0 | D:1      | 0 ||| qw: God list: Okawaru
     0 | D:1      | 0 ||| qw: Allow faded altars: false
     0 | D:1      | 0 ||| qw: Do Orc after clearing Dungeon:15 true
     0 | D:1      | 0 ||| qw: Do second Lair branch before Depths: true
     0 | D:1      | 0 ||| qw: Lair rune preference: random
     0 | D:1      | 0 ||| qw: Goals: Normal
     0 | D:1      | 0 ||| PLANNING D:1-11
   122 | D:1      | Reached skill level 3 in Ranged Weapons
   127 | D:1      | Reached XP level 2. HP: 23/23 MP: 2/2
   835 | D:1      | 835 ||| UPGRADING to +0 ring mail.
   845 | D:1      | 845 ||| DROPPING +0 robe.
   846 | D:1      | 846 ||| UPGRADING to amulet of guardian spirit.
   851 | D:1      | 851 ||| READING scroll labelled BIHAAH FEOPO.
   855 | D:1      | 855 ||| READING scroll labelled SUQOUF ZAUNNA.
   856 | D:1      | 856 ||| READING scroll labelled HOGICU ZYPUS.
   857 | D:1      | 857 ||| READING scroll labelled DODEGU SOCHOE.
   858 | D:1      | 858 ||| DRINKING 3 sedimented black potions.
   859 | D:1      | 859 ||| DROPPING scroll of poison.
   893 | D:2      | 893 ||| STAIRDANCE
   897 | D:1      | Reached XP level 3. HP: 27/29 MP: 1/3
  1311 | D:2      | 1311 ||| UPGRADING to +0 robe of fire resistance.
  1321 | D:2      | 1321 ||| READING scroll labelled ANUR DE KAPERCH.
  1322 | D:2      | 1322 ||| READING scroll labelled VAELUV JOIRCHUE.
  1351 | D:3      | Noticed Terence
  1357 | D:3      | 1357 ||| STAIRDANCE
  1361 | D:2      | Killed Terence
  1362 | D:2      | Reached skill level 4 in Ranged Weapons
  1362 | D:2      | Reached XP level 4. HP: 13/36 MP: 1/4
  1364 | D:2      | HP: 7/36 [quokka (3)]
  1739 | D:3      | Reached skill level 5 in Ranged Weapons
  1872 | D:3      | HP: 9/36 [sleepcap (5)]
  1874 | D:3      | HP: 4/36 [sleepcap (4)]
  1877 | D:3      | Mangled by a sleepcap

Levels and vault maps discovered:
D:1:      lemuel_arrival_river_passageway, layout_loops_ring
D:2:      layout_rooms, chequers_decorated_corner, corexii_hall_statues_l
D:3:      wad_crossroads, layout_rooms, grunt_dithmenos_smoke,
          minmay_starry_boxes, uniq_terence, uniq_natasha

Skill      XL: |  1  2  3  4 |
---------------+-------------+-----
Ranged Weapons | 3 4 5 |  5.1
Fighting       | 2 |  2.2
Dodging        | |  2.1
Spellcasting   | |  1.0
Hexes          | |  2.0

Action                     |  1- 3 |  4- 6 || total
---------------------------+-------+-------++-------
   Fire: Sling             |   104 |    57 ||   161
    Use: Scroll            |     6 |       ||     6
         Potion            |     1 |       ||     1
 Armour: Robe              |     2 |     7 ||     9
         Ring mail         |     6 |       ||     6
  Dodge: Dodged            |    42 |    18 ||    60

Table legend:
 A = Non-vault XP
 B = Vault XP
 C = Vault XP percentage of total XP
 D = Non-vault monster count
 E = Vault monster count
 F = Vault count percentage of total count
                 A         B        C        D         E       F
            +---------+---------+-------+---------+---------+-------
      Total |     121 |      39 |  24.4 |      47 |       3 |   6.0
            +---------+---------+-------+---------+---------+-------
        D:1 |      41 |       0 |   0.0 |      25 |       0 |   0.0
        D:2 |      24 |      36 |  60.0 |      13 |       1 |   7.1
        D:3 |      56 |       3 |   5.1 |       9 |       2 |  18.2
            +---------+---------+-------+---------+---------+-------
